 Dungeon Crawl Stone Soup version 0.22-a0-542-gce4f928 (webtiles) character file.

42 iamserjio the Sneak (level 3, 0/31 HPs)
             Began as a Gnoll Assassin on June 24, 2018.
             Slain by an adder (1 damage)
             ... on level 2 of the Dungeon.
             The game lasted 00:02:25 (308 turns).

iamserjio the Sneak (Gnoll Assassin)                 Turns: 308, Time: 00:02:25

Health: 0/31       AC:  3    Str: 13    XL:     3   Next: 56%
Magic:  4/4        EV: 13    Int: 14    God:
Gold:   55         SH:  0    Dex: 16    Spells: 3/3 levels left

rFire    . . .     SeeInvis .   i - +2 dagger (protect)
rCold    . . .     Gourm    .   (no shield)
rNeg     . . .     Faith    .   c - +0 robe
rPois    .         Spirit   .   (no helmet)
rElec    .         Reflect  .   d - +0 cloak
rCorr    .         Harm     .   (no gloves)
MR       .....                  (no boots)
Stlth    ++++......             (no amulet)
HPRegen  0.10/turn              (no ring)
MPRegen  0.09/turn              (no ring)

@: lethally poisoned (0 -> -3)
A: distributed training, fangs 1, strong nose
a: no special abilities


You were on level 2 of the Dungeon.
You were not hungry.

You visited 1 branch of the dungeon, and saw 3 of its levels.

You collected 55 gold pieces.

Inventory:

Hand Weapons
 a - a +2 dagger
 b - a +0 blowgun
 i - a +2 dagger of protection (weapon)
Missiles
 e - 8 poisoned needles
 f - 2 curare-tipped needles {!f}
 k - a throwing net (quivered) {!f}
Armour
 c - a +0 robe (worn)
 d - a +0 cloak (worn)
Jewellery
 m - an uncursed amulet of guardian spirit {unknown}
Scrolls
 l - a scroll of remove curse {unknown}
 n - a scroll of enchant armour {unknown}
Potions
 h - 2 potions of lignification {unknown}
 j - a potion of heal wounds {unknown}
Comestibles
 g - 2 rations


   Skills:
 + Level 4.5 Fighting
 + Level 4.5 Short Blades
 + Level 0.8 Long Blades
 + Level 0.8 Axes
 + Level 0.8 Maces & Flails
 + Level 0.8 Polearms
 + Level 0.8 Staves
 + Level 0.8 Slings
 + Level 0.8 Bows
 + Level 0.8 Crossbows
 + Level 4.5 Throwing
 + Level 0.8 Armour
 + Level 2.6 Dodging
 + Level 7.8 Stealth
 + Level 0.8 Shields
 + Level 0.8 Unarmed Combat
 + Level 0.8 Spellcasting
 + Level 0.5 Conjurations
 + Level 0.5 Hexes
 + Level 0.5 Charms
 + Level 0.5 Summonings
 + Level 0.5 Necromancy
 + Level 0.5 Translocations
 + Level 0.5 Transmutations
 + Level 0.5 Fire Magic
 + Level 0.5 Ice Magic
 + Level 0.5 Air Magic
 + Level 0.5 Earth Magic
 + Level 0.5 Poison Magic
 + Level 1.0 Invocations
 + Level 0.8 Evocations


You had 3 spell levels left.
You didn't know any spells.
Your spell library was empty.

Dungeon Overview and Level Annotations

Branches:
Dungeon (3/15)

Altars:


Innate Abilities, Weirdness & Mutations

Your experience applies equally to all skills.
You have very sharp teeth.
Your uncanny sense of smell can sniff out nearby items.


Message History

The goblin shouts!
The orc priest shouts!
Found a stone staircase leading up.
There is a stone staircase leading up here.
The adder misses you. The orc completely misses you.
The orc priest hits you with a hand axe of chopping.
* * * LOW HITPOINT WARNING * * *
x2 You climb upwards.
There is a stone staircase leading down here.
The adder bites you but does no damage. The adder bites you but does no damage.
The adder bites you.
* * * LOW HITPOINT WARNING * * *
You are lethally poisoned!
The adder poisons you!
There is an escape hatch in the floor, spattered with blood here.
* * * LOW HITPOINT WARNING * * *
You feel sick.
* * * LOW HITPOINT WARNING * * *
You feel sick. The adder bites you.
You die...

#.. #...# ## ..#..##########
#....##..........# #.##.#
#.........# #.##.# #.........#
##########.##.# #.........####
#..........##@# #.............
#..........##S###.........###.
#..........>.............)##..
#..........o#.###...........†<
#.......>..##.#######.####†...
#................## #.####....
#.................##..#....#..
#.########.........#....##.###
#. #.............###.##


You could see an orc priest and an adder.

Vanquished Creatures
  An adder (D:2)
  An ooze (D:1)
  2 worms (D:2)
  A leopard gecko (D:1)
  A ball python (D:1)
  3 giant cockroaches (D:2)
  3 goblins
  2 hobgoblins (D:2)
  A kobold (D:2)
  A quokka (D:2)
  2 bats
  A frilled lizard (D:1)
  3 rats
22 creatures vanquished.

Notes
Turn   | Place    | Note
-------+----------+-------------------------------------------
     0 | D:1      | iamserjio the Gnoll Assassin began the quest for the Orb.
     0 | D:1      | Reached XP level 1. HP: 20/20 MP: 1/1
    39 | D:1      | Reached XP level 2. HP: 12/26 MP: 2/2
   164 | D:2      | Reached XP level 3. HP: 12/31 MP: 3/3
   256 | D:1      | Reached skill level 1 in Invocations
   308 | D:2      | HP: 1/31 [poisoned by an adder]
   308 | D:2      | Slain by an adder

Vault maps used:
D:1:      dpeg_arrival_shelter, tso_altar
D:2:      first_ration
D:3:      xom_butterflies, marbit_many_paths, old_standard_altar, st_stairs_10

Skill      XL: |  1  2  3 |
---------------+----------+-----
Invocations    | 1 |  1.0
Fighting       | |  4.5
Short Blades   | |  4.5
Long Blades    | |  0.8
Axes           | |  0.8
Maces & Flails | |  0.8
Polearms       | |  0.8
Staves         | |  0.8
Slings         | |  0.8
Bows           | |  0.8
Crossbows      | |  0.8
Throwing       | |  4.5
Armour         | |  0.8
Dodging        | |  2.6
Stealth        | |  7.8
Shields        | |  0.8
Unarmed Combat | |  0.8
Spellcasting   | |  0.8
Conjurations   | |  0.5
Hexes          | |  0.5
Charms         | |  0.5
Summonings     | |  0.5
Necromancy     | |  0.5
Translocations | |  0.5
Transmutations | |  0.5
Fire Magic     | |  0.5
Ice Magic      | |  0.5
Air Magic      | |  0.5
Earth Magic    | |  0.5
Poison Magic   | |  0.5
Evocations     | |  0.8

Action                   || total
-------------------------++-------
Melee: Dagger            ||    96
       Bite              ||     9
 Stab: Sleeping          ||     5
Armor: Robe              ||    29
Dodge: Dodged            ||    57

Table legend:
 A = Spawn XP
 B = Non-spawn XP
 C = Spawn XP percentage of total XP
 D = Spawn monster count
 E = Non-spawn monster count
 F = Spawn count percentage of total count
 G = Total turns spent on level
                    A         B        C        D         E        F      G
               +---------+---------+-------+---------+---------+-------+---------
         Total |       0 |      61 |   0.0 |       0 |      22 |   0.0 |   308
               +---------+---------+-------+---------+---------+-------+---------
           D:1 |       0 |      18 |   0.0 |       0 |       8 |   0.0 |    96
           D:2 |       0 |      43 |   0.0 |       0 |      14 |   0.0 |   210
               +---------+---------+-------+---------+---------+-------+---------
